 Dungeon Crawl Stone Soup version 0.24.0-41-g2ae2f7f1be (webtiles) character file.

Game seed: 17949393918678237257, levelgen mode: deterministic

23 Iamsoldier the Scratcher (level 2, -2/12 HPs)
             Began as a Felid Transmuter on Dec 13, 2019.
             Killed from afar by a dart slug (7 damage)
             ... with a slug dart
             ... on level 1 of the Dungeon.
             The game lasted 00:01:21 (363 turns).

Iamsoldier the Scratcher (Felid Transmuter)          Turns: 363, Time: 00:01:21

Health: -2/12      AC:  1    Str: 10    XL:     2   Next: 72%
Magic:  6/6        EV: 18    Int: 14    God:
Gold:   67         SH:  0    Dex: 16    Spells: 4/5 levels left
                                        Lives:  0   Deaths: 0

rFire    . . .     SeeInvis +     - Unarmed
rCold    . . .     Gourm    .   (shield unavailable)
rNeg     . . .     Faith    .   (armour unavailable)
rPois    .         Spirit   .   (helmet unavailable)
rElec    .         Reflect  .   (cloak unavailable)
rCorr    .         Harm     .   (gloves unavailable)
MR       .....                  (boots unavailable)
Stlth    ++........             (no amulet)
HPRegen  0.04/turn              g - +4 ring of strength
MPRegen  0.10/turn              (no ring)

@: appendage, quick
A: very small, no armour, no weapons or thrown items, stealth, claws 1, fangs 3,
horns 2, see invisible, carnivore, speed 1, shaggy fur 1, slow metabolism 1,
sharp paws
a: End Transformation


You were on level 1 of the Dungeon.
You were completely stuffed.
You had grown temporary horns.
You visited 1 branch of the dungeon, and saw 1 of its levels.

You collected 67 gold pieces.

Inventory:

Missiles
 a - 12 arrows
Jewellery
 g - a +4 ring of strength (left paw)
Scrolls
 b - a scroll of remove curse {unknown}
 e - 3 scrolls of fog {unknown}
 f - 2 scrolls of identify {unknown}
 h - a scroll of fear {unknown}
 k - a scroll of teleportation {unknown}
Potions
 d - a potion of degeneration {unknown}
 j - a potion of mutation {unknown}
Comestibles
 c - a ration
 i - 2 chunks of flesh


   Skills:
 + Level 1.3 Fighting
 + Level 3.0 Dodging
 + Level 1.2 Stealth
 + Level 3.2 Unarmed Combat
 + Level 2.2 Spellcasting
 + Level 2.5 Transmutations


You had 4 spell levels left.
You knew the following spells:

 Your Spells              Type           Power        Failure   Level  Hunger
a - Beastly Appendage     Tmut           #.....       9%          1    #......

Your spell library contained the following spells:

 Spells                   Type           Power        Failure   Level  Hunger
 Sticks to Snakes         Tmut           #.......     13%         2    ###....
 Spider Form              Tmut/Pois      #.........   38%         3    ###....
 Ice Form                 Ice/Tmut       #.......     80%         4    #####..
 Blade Hands              Tmut           #.........   93%         5    ######.


Dungeon Overview and Level Annotations

Branches:
Dungeon (1/15)

Altars:


Innate Abilities, Weirdness & Mutations

You cannot wear armour.
You are incapable of wielding weapons or throwing items.
Your paws allow you to move quietly. (Stealth)
You have sharp claws.
You have razor-sharp teeth.
You have supernaturally acute eyesight. (SInv)
You are carnivorous and can eat meat at any time.
You cover ground quickly.
You are covered in fur. (AC +1)
You have a slow metabolism.
Your sharp claws are effective at attacking unaware monsters.
You have a pair of horns on your head.


Message History

You barely miss the hobgoblin.
The hobgoblin is moderately wounded.
The hobgoblin hits you.
You scratch the hobgoblin.
The hobgoblin is almost dead.
The hobgoblin hits you.
You are too injured to fight recklessly!
You are too injured to fight recklessly!
You are too injured to fight recklessly!
You scratch the hobgoblin.
You kill the hobgoblin!
Your Dodging skill increases to level 3!
A rat comes into view.
You scratch the dart slug but do no damage.
You scratch the dart slug. You headbutt the dart slug.
The dart slug is severely wounded.
The dart slug launches a dart at you. The slug dart hits you!
Ouch! That really hurt!
You die...

.. ## .. .##. ####
##w##... . #....
#..#..##.. ...
#......... ...
#.#....... #.#
##.w.......
#..######..@†......
#.).##..)##.......
####
###....##......###
#...######...##.######
..# .##........# .#
#......#....#
.###..####.#.##.#
.##..# #...##.##
....######...##.(##


You could see a dart slug.

Vanquished Creatures
  A dart slug (D:1)
  2 giant cockroaches (D:1)
  3 goblins (D:1)
  3 hobgoblins (D:1)
  4 kobolds (D:1)
  4 bats (D:1)
  2 rats (D:1)
19 creatures vanquished.

Notes
Turn   | Place    | Note
-------+----------+-------------------------------------------
     0 | D:1      | Iamsoldier the Felid Transmuter began the quest for the
                  | Orb.
     0 | D:1      | Reached XP level 1. HP: 9/9 MP: 4/4
   196 | D:1      | Reached XP level 2. HP: 12/12 MP: 6/6
   250 | D:1      | Reached skill level 1 in Stealth
   363 | D:1      | Killed from afar by a dart slug

Levels and vault maps discovered:
D:1:      lemuel_arrival_broad_hall, layout_rooms, minmay_tetromino_s4

Skill      XL: |  1  2 |
---------------+-------+-----
Stealth        | 1 |  1.2
Dodging        | 3 |  3.0
Fighting       | |  1.3
Unarmed Combat | |  3.2
Spellcasting   | |  2.2
Transmutations | |  2.5

Action                   || total
-------------------------++-------
Melee: Unarmed           ||    65
       Bite              ||     3
       Headbutt          ||     4
 Cast: Beastly Appendage ||     2
  Eat: Chunk             ||     6
Armor: Skin              ||     6
Dodge: Dodged            ||    73
